 Dungeon Crawl Stone Soup version 0.28.0-43-g3370ac3207 (webtiles) character file.

Game seed: 6404321583828760337

186 mortz the Conjurer (level 5, 0/37 HPs)
             Began as a Human Conjurer on Mar 2, 2022.
             Was an Initiate of Elyvilon.
             Slain by an orc
             ... wielding a +0 whip
              (4 damage)
             ... on level 4 of the Dungeon.
             The game lasted 00:20:18 (3029 turns).

mortz the Conjurer (Human Conjurer)                 Turns: 3029, Time: 00:20:18

Health: 0/37       AC:  3    Str:  8    XL:     5   Next: 98%
Magic:  4/9        EV:  8    Int: 20    God:    Elyvilon [......]
Gold:   128        SH:  0    Dex: 11    Spells: 6/10 levels left

rFire   . . .      SeeInvis .   n - +3 flail {mace}
rCold   . . .      Faith    .   (no shield)
rNeg    . . .      Spirit   .   o - +0 leather armour
rPois   .          Reflect  .   (no helmet)
rElec   .          Harm     .   (no cloak)
rCorr   .          Rampage  .   (no gloves)
Will    .....                   (no boots)
Stlth   ++........              (no amulet)
HPRegen 0.12/turn               (no ring)
MPRegen 0.11/turn               (no ring)

@: constricted
A: no striking features
a: Renounce Religion


You were on level 4 of the Dungeon.
You worshipped Elyvilon.
Elyvilon was noncommittal.
You visited 1 branch of the dungeon, and saw 4 of its levels.

You collected 128 gold pieces.


   Skills:
 + Level 1.0 Fighting
 + Level 2.5 Dodging
 + Level 2.1 Stealth
 + Level 3.1 Spellcasting
 + Level 5.6 Conjurations


You had 6 spell levels left.
You knew the following spells:

 Your Spells              Type           Power      Damage    Failure   Level
a - Magic Dart            Conj           100%       1d8       1%          1
b - Searing Ray           Conj           50%        2d6       3%          2
c - Foxfire               Conj/Fire      56%        2x1d6     6%          1

Your spell library contained the following spells:

 Spells                   Type           Power      Damage    Failure   Level
 Conjure Flame            Conj/Fire      14%        6-21      19%         3
 Dazzling Flash           Conj/Hex       28%        N/A       19%         3
 Mephitic Cloud           Conj/Pois/Air  10%        N/A       28%         3
 Ignite Poison            Fire/Tmut/Pois 3%         N/A       52%         3
 Inner Flame              Hex/Fire       3%         N/A       52%         3
 Flame Wave               Conj/Fire      14%        2d6       54%         4
 Fulminant Prism          Conj/Hex       7%         3d7       54%         4
 Iskenderun's Mystic Bla  Conj/Tloc      14%        2d5       54%         4
 Freezing Cloud           Conj/Ice/Air   5%         6-21      95%         5

Inventory:

Hand Weapons
 c - a +2 long sword of holy wrath {long}
   (You found it on level 4 of the Dungeon)
 e - a +0 spear {polearm}
   (You took it off a goblin on level 2 of the Dungeon)
 n - a +3 flail (weapon) {mace}
   (You took it off a gnoll on level 4 of the Dungeon)
Missiles
 k - 5 poisoned darts {throwing}
Armour
 a - a +0 robe
 o - a +0 leather armour (worn)
   (You took it off an orc on level 4 of the Dungeon)
Jewellery
 m - a ring of fire
   (You took it off an orc on level 4 of the Dungeon)
Scrolls
 b - 3 scrolls of identify {@r1}
 g - a scroll of immolation {unknown}
 l - 2 scrolls of teleportation {@r4}
Potions
 h - a potion of curing {unknown}
 i - a potion of degeneration {unknown}
 j - 3 potions of haste {@q3}

Dungeon Overview and Level Annotations

Branches:
Dungeon (4/15)
 Temple: D:4-7

Altars:
Cheibriados
Elyvilon
Gozag

Shops:
D:4 *

Annotations:
D:2 Sigmund
D:4 Eustachio, Menkaure

#.≈.. #.≈≈. #....
#### # ##.#.
#...#.##.####...
##55............##
##........#.###..#
#...5@.... #..#
#.@....... #..#
#o#S.....## #..#
#.##...#... #..#
#l# #.## #. ###..#
#(# #.####.##....#
#.# #.........|.##
#.# ######.##.###
#o# #.##.# #.#
#.##.#


You could see Eustachio, an iguana, a quasit (summoned), 2 orcs, 2 ufetubi and a
ball python.


Message History

Casting: Searing Ray (safe; 3% risk of failure)
Confirm with . or Enter, or press ? or * to list all spells.
Aiming: Searing Ray (safe; 3% risk of failure)
Press: ? - help, Shift-Dir - straight line, f - gnoll
Aim: a gnoll, wielding a +0 club (82% to hit)
The searing ray hits the gnoll. (Press . to maintain the ray.)
The iguana bites you.
* * * LOW HITPOINT WARNING * * *
The gnoll hits you but does no damage. 😨 HP[-2] MP[-2]
You take 2 damage, and now have 11/36 hp.
You lost 2 mp, and now have 7/9 mp.
The searing ray misses the gnoll.
The iguana bites you but does no damage.
The gnoll hits you with a +0 club.
* * * LOW HITPOINT WARNING * * *
😱 HP[-4] MP[-1]
You take 4 damage, and now have 7/36 hp.
You lost 1 mp, and now have 6/9 mp.
The searing ray hits the gnoll.
The iguana misses you. The gnoll barely misses you. 😱 MP[-1]
You lost 1 mp, and now have 5/9 mp.
The searing ray hits the gnoll.
You kill the gnoll!
You finish channelling your searing ray.
The iguana misses you.
Your Fighting skill increases to level 1! 😱 MP[-1]
You now have 37 max hp (+1).
You lost 1 mp, and now have 4/9 mp.
Casting: Searing Ray (safe; 3% risk of failure)
Confirm with . or Enter, or press ? or * to list all spells.
Aiming: Searing Ray (safe; 3% risk of failure)
Press: ? - help, Shift-Dir - straight line, f - iguana
Aim: an iguana (moderately wounded, 82% to hit)
The searing ray hits the iguana. (Press . to maintain the ray.)
The iguana closely misses you. 😱 MP[-2]
You lost 2 mp, and now have 2/9 mp.
The searing ray misses the iguana.
The iguana bites you.
* * * LOW HITPOINT WARNING * * *
😱 HP[-6] MP[-1]
You take 6 damage, and now have 1/37 hp.
You lost 1 mp, and now have 1/9 mp.
The searing ray misses the iguana.
The iguana bites you.
Elyvilon protects you from harm! 😱 HP[+1] MP[-1]
You lost 1 mp, and now have 0/9 mp.
Without enough magic to sustain it, your searing ray dissipates.
The iguana barely misses you.
You hit the iguana. You punch the iguana.
The iguana bites you but does no damage.
The iguana closely misses you. 😱 MP[+1]
You hit the iguana. The iguana closely misses you.
Aiming: Magic Dart (safe; 1% risk of failure)
Press: ? - help, Q - select action, (/) - cycle Shift-Dir - straight line, f/p - iguana
Aim: an iguana (almost dead, 100% to hit)
The magic dart hits the iguana.
The iguana misses you. 😱 MP[-1]
You lost 1 mp, and now have 0/9 mp.
Things that are here:
a +0 club {mace}; a gnoll corpse 😱 HP[+1] 😱 MP[+1]
The orc shouts!
The orc wizard shouts!
The orc wizard casts a spell.
The orc wizard flickers and vanishes!
Deactivating autopickup; reactivate with Ctrl-A.
The orc hits you with a +0 whip.
* * * LOW HITPOINT WARNING * * *
😱 HP[-1]
You take 1 damage, and now have 2/37 hp. 😱 HP[+1]
The iguana hisses menacingly. 😱 MP[+1] 😱 HP[+1] 😱 MP[+1] 😱 HP[+1]
An orc wizard appears from thin air!
Reactivating autopickup.
You see here 18 stones {throwing}.
A ball python comes into view.
The ball python hisses angrily.
The orc wizard gestures wildly while chanting.
The orc wizard flickers and vanishes!
Deactivating autopickup; reactivate with Ctrl-A.
The ball python closely misses you. The ball python grabs you.
The ball python constricts you.
* * * LOW HITPOINT WARNING * * *
😱 HP[-1] MP[+1]
You take 1 damage, and now have 4/37 hp.
The ball python's grasp on you weakens, but your attempt to escape fails.
Eustachio gestures wildly while chanting.
The orc hits you with a +0 whip.
You die...

Skill      XL: |  1  2  3  4  5 |
---------------+----------------+-----
Conjurations   | 5 |  5.6
Spellcasting   | 3 |  3.1
Fighting       | 1 |  1.0
Dodging        | |  2.5
Stealth        | |  2.1

Action                   |  1- 3 |  4- 6 || total
-------------------------+-------+-------++-------
Melee: Unarmed           |     2 |       ||     2
       Dagger            |     7 |       ||     7
       Short sword       |       |    11 ||    11
       Flail             |       |     7 ||     7
       Punch             |       |     1 ||     1
 Cast: Magic Dart        |    55 |    27 ||    82
       Searing Ray       |     3 |     7 ||    10
       Foxfire           |       |    10 ||    10
  Use: Scroll            |       |     2 ||     2
Armor: Robe              |     2 |     2 ||     4
       Leather armour    |       |     4 ||     4
Dodge: Dodged            |    22 |    25 ||    47

Levels and vault maps discovered:
D:1:      dpeg_arrival_pits, layout_basic
D:2:      layout_rooms, serial_glass, glass_columns_b, glass_columns_b,
          glass_columns_c, glass_columns_b, glass_columns_a, glass_columns_b,
          glass_columns_a, glass_columns_a, hellmonk_ecumenical_altar_run_dry,
          minmay_misc_feat_hallway, uniq_sigmund
D:3:      layout_basic, nicolae_elyvilon_temple_path, minmay_misc_feat_iff,
          serial_bayou_ford_a
D:4:      layout_loops_ring, mainiacjoe_overflow_catwalk,
          nicolae_gozag_zags_fifth_avenue, uniq_eustachio, uniq_menkaure

Notes
Turn   | Place    | Note
-------+----------+-------------------------------------------
     0 | D:1      | mortz the Human Conjurer began the quest for the Orb.
     0 | D:1      | Reached XP level 1. HP: 13/13 MP: 3/3
     0 | D:1      | magus.rc [v1.9.6]
    56 | D:1      | You fall into a shaft and drop 1 floor!
   158 | D:2      | Reached XP level 2. HP: 9/19 MP: 0/5
   509 | D:3      | Learned a level 2 spell: Searing Ray
   593 | D:2      | Reached XP level 3. HP: 19/24 MP: 2/6
   742 | D:2      | Found a faded altar of an unknown god.
   771 | D:2      | Noticed Sigmund
  1326 | D:3      | Reached skill level 5 in Conjurations
  1326 | D:3      | Reached XP level 4. HP: 22/31 MP: 1/7
  1670 | D:3      | You pick up a book of Flames and begin reading...
  1670 | D:3      | You add the spells Foxfire, Conjure Flame, Inner Flame and
                  | Flame Wave to your library.
  1674 | D:3      | Learned a level 1 spell: Foxfire
  1929 | D:3      | Reached XP level 5. HP: 31/36 MP: 6/9
  2191 | D:3      | Found a white marble altar of Elyvilon.
  2199 | D:3      | Became a worshipper of Elyvilon the Healer
  2278 | D:4      | You add the spells Ignite Poison, Mephitic Cloud and
                  | Freezing Cloud to your library.
  2284 | D:4      | Noticed Eustachio
  2791 | D:4      | Reached skill level 3 in Spellcasting
  2882 | D:4      | Found Gozag's Platinum Reserve.
  2888 | D:4      | Found an opulent altar of Gozag.
  2942 | D:4      | Noticed Menkaure
  2942 | D:4      | Found a snail-covered altar of Cheibriados.
  2985 | D:4      | HP: 7/36 [gnoll/+0 club (4)]
  2988 | D:4      | Reached skill level 1 in Fighting
  2989 | D:4      | HP: 1/37 [iguana (6)]
  2990 | D:4      | Elyvilon protects you from harm!
  3003 | D:4      | HP: 2/37 [orc/+0 whip (1)]
  3028 | D:4      | HP: 4/37 [constriction (1)]
  3029 | D:4      | Slain by an orc

Vanquished Creatures
  A centaur zombie (D:3)
  An orc wizard (D:4)
  4 gnolls (D:4)
  4 adders
  3 dart slugs
  5 orcs
  4 endoplasms
  2 giant cockroaches
  4 goblins
  2 hobgoblins
  4 quokkas
  4 ball pythons (D:3)
  A bat (D:2)
  4 frilled lizards
  5 kobolds
  2 rats
50 creatures vanquished.

Vanquished Creatures (others)
  19 foxfires
  9 plants (D:3)
28 creatures vanquished.

Grand Total: 78 creatures vanquished

Table legend:
 A = Non-vault XP
 B = Vault XP
 C = Vault XP percentage of total XP
 D = Non-vault monster count
 E = Vault monster count
 F = Vault count percentage of total count
                 A         B        C        D         E       F
            +---------+---------+-------+---------+---------+-------
      Total |     267 |       0 |   0.0 |      50 |       0 |   0.0
            +---------+---------+-------+---------+---------+-------
        D:1 |       4 |       0 |   0.0 |       1 |       0 |   0.0
        D:2 |      48 |       0 |   0.0 |      14 |       0 |   0.0
        D:3 |      90 |       0 |   0.0 |      21 |       0 |   0.0
        D:4 |     125 |       0 |   0.0 |      14 |       0 |   0.0
            +---------+---------+-------+---------+---------+-------

Illustrated notes

Table legend:
 A = Kills in this place as a percentage of kills in entire the game.
 B = Kills by you in this place as a percentage of kills by you in the entire game.
 C = Kills by friends in this place as a percentage of kills by friends in the entire game.
 D = Other kills in this place as a percentage of other kills in the entire game.
 E = Experience gained in this place as a percentage of experience gained in the entire game.
 F = Experience gained in this place divided by the number of levels of this place that you have seen.
                   A       B       C       D       E      F
               +-------+-------+-------+-------+-------+----------------------
         Total | 100.0 | 100.0 |   N/A |   N/A | 100.0 |  66.8
       Dungeon | 100.0 | 100.0 |   N/A |   N/A | 100.0 |  66.8
               +-------+-------+-------+-------+-------+----------------------

Table legend: (Time is in decaauts)
 A = Elapsed time spent in this place.
 B = Non-inter-level travel time spent in this place.
 C = Inter-level travel time spent in this place.
 D = Time resting spent in this place.
 E = Time spent auto-exploring this place.
 F = Levels seen in this place.
 G = Mean time per level.
                   A        B        C        D        E       F      G
               +--------+--------+--------+--------+--------+-----+--------+
         Total |   3044 |   2772 |    272 |    959 |   1102 |   4 |  761.0 |
       Dungeon |   3044 |   2772 |    272 |    959 |   1102 |   4 |  761.0 |
               +--------+--------+--------+--------+--------+-----+--------+

Top non-repeatable levels by time:
     D:3: 1605 daAuts
     D:2: 765 daAuts
     D:4: 617 daAuts
     D:1: 56 daAuts
